 Dungeon Crawl Stone Soup version 0.21-a0-265-gb353147 (webtiles) character file.

443 rin1221 the Shield-Bearer (level 7, -7/43 HPs)
             Began as a Gargoyle Fighter on Sept 10, 2017.
             Mangled by an ice beast (14 damage)
             ... on level 4 of the Dungeon.
             The game lasted 00:08:55 (3128 turns).

rin1221 the Shield-Bearer (Gargoyle Fighter)        Turns: 3128, Time: 00:08:56

Health: -7/43      AC: 11    Str: 19    XL:     7   Next: 2%
Magic:  8/8        EV: 10    Int:  9    God:
Gold:   212        SH:  5    Dex: 11    Spells: 8/8 levels left

rFire    . . .     SeeInvis .   a - +0 war axe
rCold    . . .     Gourm    .   y - +0 buckler
rNeg     + . .     Faith    .   b - +0 scale mail
rPois    ∞         Spirit   .   (no helmet)
rElec    +         Reflect  .   (no cloak)
rCorr    .         Harm     .   (no gloves)
MR       .....                  (no boots)
Stlth    ..........             (no amulet)
HPRegen  0.14/turn              (no ring)
MPRegen  0.11/turn              (no ring)

@: no status effects
A: negative energy resistance 1, electricity resistance, unbreathing,
petrification resistance, rot immunity, AC +4
a: no special abilities


You were on level 4 of the Dungeon.
You were hungry.

You visited 1 branch of the dungeon, and saw 4 of its levels.

You collected 212 gold pieces.

Inventory:

Hand Weapons
 a - a +0 war axe (weapon)
 e - a +0 club
Missiles
 k - 80 stones
 m - 2 javelins (quivered)
Armour
 b - a +0 scale mail (worn)
 c - a +0 shield
 y - a +0 buckler (worn)
Jewellery
 h - an uncursed amulet of the gourmand {unknown}
 r - an uncursed ring of flight {unknown}
Wands
 v - a wand of acid (7/15)
Scrolls
 g - 2 scrolls of amnesia {unknown}
 l - a scroll of enchant weapon {unknown}
 o - a scroll of teleportation {unknown}
 p - 3 scrolls of immolation {unknown}
 z - 2 scrolls of remove curse {unknown}
 A - 2 scrolls of blinking {unknown}
 B - 2 scrolls of identify {unknown}
Potions
 d - 2 potions of might
 i - 2 potions of magic {unknown}
 j - 2 potions of haste {unknown}
 n - a potion of experience {unknown}
 t - a potion of invisibility {unknown}
 w - a potion of curing {unknown}
Comestibles
 f - 3 bread rations
 q - 2 meat rations
 s - 7 fruits
 x - 2 royal jellies


   Skills:
 + Level 4.0 Fighting
 * Level 4.4(4.6) Axes
 - Level 2.0(3.6) Maces & Flails
 + Level 3.8 Armour
 + Level 1.2 Dodging
 + Level 4.6 Shields
 + Level 1.1 Spellcasting


You had 8 spell levels left.
You didn't know any spells.

Dungeon Overview and Level Annotations

Branches:
Dungeon (4/15)
 Temple: D:4-7

Altars:
Cheibriados
Qazlal
Trog


Innate Abilities, Weirdness & Mutations

You are resistant to torment.
Your stone body is resilient. (AC +4)
You are immune to poison.
You resist negative energy. (rN+)
You are resistant to electric shocks. (rElec)
You can survive without breathing.
You are immune to petrification.
You are immune to rotting.


Message History

The ice beast hits you but does no damage.
You barely miss the ice beast.
The ice beast is heavily wounded.
The ice beast hits you but does no damage. x2
You hit the ice beast.
The ice beast is severely wounded.
The ice beast hits you. The ice beast freezes you!
* * * LOW HITPOINT WARNING * * *
You hit the ice beast.
The ice beast is almost dead.
The ice beast barely misses you.
You closely miss the ice beast.
The ice beast is almost dead.
The ice beast hits you but does no damage.
You hit the ice beast but do no damage.
The ice beast is almost dead.
The ice beast hits you.
* * * LOW HITPOINT WARNING * * *
The ice beast freezes you!
You die...

##..#...##
#.#
....##.##
#.#
...#####
#.#
.......
###.#
#......
#...#
.......
#...##
.......
#.###.##
.......
#.# ##.#
#...... #.
#@# . ...
. . #Y# #
#. # .##
.# .# ..
##


You could see an ice beast.

Vanquished Creatures
  An ogre (D:4)
  A centaur (D:4)
  A howler monkey (D:3)
  2 hounds
  A hound skeleton (D:4)
  7 adders
  A howler monkey skeleton (D:4)
  2 oozes
  3 worms
  2 dart slugs
  A leopard gecko (D:1)
  3 orcs
  A ball python (D:3)
  A bat zombie (D:2)
  5 giant cockroaches
  8 goblins
  7 hobgoblins
  5 jackals
  A quokka (D:4)
  6 bats
  11 frilled lizards
  5 kobolds
  9 rats
84 creatures vanquished.

Notes
Turn   | Place    | Note
-------+----------+-------------------------------------------
     0 | D:1      | rin1221 the Gargoyle Fighter began the quest for the Orb.
     0 | D:1      | Reached XP level 1. HP: 14/14 MP: 1/1
    63 | D:1      | Reached XP level 2. HP: 18/19 MP: 2/2
   576 | D:1      | Reached XP level 3. HP: 22/23 MP: 3/3
  1021 | D:2      | Found a bloodstained altar of Trog.
  1172 | D:2      | Reached XP level 4. HP: 21/28 MP: 4/4
  1270 | D:2      | Reached skill level 1 in Maces & Flails
  1384 | D:2      | Found a stormy altar of Qazlal.
  1430 | D:2      | Reached XP level 5. HP: 27/32 MP: 5/5
  1783 | D:3      | Found a snail-covered altar of Cheibriados.
  2481 | D:4      | Reached XP level 6. HP: 31/37 MP: 6/6
  2635 | D:4      | Reached skill level 1 in Dodging
  2799 | D:4      | Reached skill level 1 in Spellcasting
  2809 | D:4      | Reached XP level 7. HP: 17/43 MP: 8/8
  3128 | D:4      | Mangled by an ice beast

Vault maps used:
D:1:      ncdulo_smallfort
D:2:      overflow_temple_1_default, overflow_temple_1_default
D:3:      kennysheep_slug_shrine, first_bread, kennysheep_small_spiral

Skill      XL: |  1  2  3  4  5  6 |
---------------+-------------------+-----
Axes           | 2 3 4 |  4.4
Shields        | 4 |  4.6
Maces & Flails | 1 2 |  2.0
Dodging        | 1 |  1.2
Spellcasting   | 1 |  1.1
Fighting       | 4 |  4.0
Armour         | |  3.8

Action                   |  1- 3 |  4- 6 |  7- 9 || total
-------------------------+-------+-------+-------++-------
Melee: War axe           |   130 |   144 |    22 ||   296
Throw: Javelin           |       |     3 |     1 ||     4
  Eat: Chunk             |     1 |     5 |     1 ||     7
Armor: Scale mail        |    66 |    83 |    16 ||   165
Dodge: Dodged            |    37 |    73 |     5 ||   115
Block: Shield            |    70 |    31 |       ||   101
       Buckler           |       |    27 |     2 ||    29

Table legend:
 A = Spawn XP
 B = Non-spawn XP
 C = Spawn XP percentage of total XP
 D = Spawn monster count
 E = Non-spawn monster count
 F = Spawn count percentage of total count
 G = Total turns spent on level
                    A         B        C        D         E        F      G
               +---------+---------+-------+---------+---------+-------+---------
         Total |       0 |     634 |   0.0 |       0 |      84 |   0.0 |  3128
               +---------+---------+-------+---------+---------+-------+---------
           D:1 |       0 |      49 |   0.0 |       0 |      27 |   0.0 |   988
           D:2 |       0 |     127 |   0.0 |       0 |      23 |   0.0 |   740
           D:3 |       0 |     137 |   0.0 |       0 |      24 |   0.0 |   745
           D:4 |       0 |     321 |   0.0 |       0 |      10 |   0.0 |   655
               +---------+---------+-------+---------+---------+-------+---------
